 Dungeon Crawl Stone Soup version 0.31.0-11-ge490571c62 (webtiles) character file.

Game seed: 17998367791089633321

15888 James the Eclecticist (level 12, -3/68 HPs)
             Began as a Deep Elf Conjurer on Feb 10, 2024.
             Was a Priest of Vehumet.
             Slain by a cane toad (19 damage)
             ... on level 1 of the Lair of Beasts.
             The game lasted 01:05:55 (17290 turns).

James the Eclecticist (Deep Elf Conjurer)          Turns: 17290, Time: 01:05:55

Health: -3/68      AC:  7    Str:  6    XL:     12   Next: 5%
Magic:  31/34      EV: 15    Int: 33    God:    Vehumet [***...]
Gold:   560        SH:  5    Dex: 13    Spells: 22/43 levels left

rFire   . . .        a - +2 dagger (protect)
rCold   . . .        e - +0 buckler
rNeg    . . .        n - +0 robe {Will+}
rPois   +            U - +1 hat {SInv}
rElec   .            x - +2 cloak {rPois}
rCorr   .            (no gloves)
SInv    +            r - +0 pair of boots
Will    ++...        (no amulet)
Stlth   ++           H - +6 ring of intelligence
HPRegen 0.31/turn    (no ring)
MPRegen 0.24/turn

%: no passive effects
@: no status effects
A: no striking features
a: Renounce Religion


You were on level 1 of the Lair of Beasts.
You worshipped Vehumet.
Vehumet was most pleased with you.
You visited 3 branches of the dungeon, and saw 13 of its levels.
You also visited: Ossuary.

You collected 560 gold pieces.

Inventory:

Hand Weapons
 a - a +2 dagger of protection (weapon)
   (You took it off Jessica on level 3 of the Dungeon)
 b - a +1 sling of draining
   (You took it off a kobold on level 8 of the Dungeon)
 c - a +2 short sword of venom
   (You took it off Maurice on level 11 of the Dungeon)
 f - a +0 rapier of electrocution
   (You found it on level 7 of the Dungeon)
 i - a +0 spear
   (You found it on level 1 of the Dungeon)
 p - a +2 short sword of speed
   (You took it off an orc on level 8 of the Dungeon)
 F - a +3 falchion
   (You found it on level 10 of the Dungeon)
 G - a +0 trident
   (You found it on level 9 of the Dungeon)
 X - a +3 short sword
   (You took it off an orc on level 5 of the Dungeon)
Missiles
 h - 42 poisoned darts
 D - 6 atropa-tipped darts
 Q - a curare-tipped dart {!f}
 Y - 6 boomerangs
Armour
 e - a +0 buckler (worn)
   (You took it off a gnoll sergeant on level 9 of the Dungeon)
 g - a +0 robe
 k - a +0 kite shield
   (You found it on level 10 of the Dungeon)
 n - a +0 robe of willpower (worn)
   (You took it off Pikel on level 6 of the Dungeon)
 o - a +0 ring mail
   (You took it off an orc priest on level 2 of the Dungeon)
 r - a +0 pair of boots (worn)
   (You found it on level 2 of the Dungeon)
 s - a +0 scale mail
   (You found it on level 2 of the Dungeon)
 x - a +2 cloak of poison resistance (worn)
   (You took it off Maurice on level 11 of the Dungeon)
 y - a +1 hat
   (You found it on level 2 of the Dungeon)
 C - a +1 cloak
   (You found it on level 3 of the Dungeon)
 M - a +0 leather armour
   (You found it on level 4 of the Dungeon)
 R - a +0 helmet
   (You found it on level 5 of the Dungeon)
 U - a +1 hat of see invisible (worn)
   (You took it off Gastronok on level 9 of the Dungeon)
Magical Staves
 l - a staff of air
   (You found it on level 6 of the Dungeon)
 V - a staff of death
   (You found it on level 6 of the Dungeon)
Jewellery
 w - a ring of ice
   (You found it on level 4 of the Dungeon)
 H - a +6 ring of intelligence (left hand)
   (You found it on level 5 of the Dungeon)
Talismans
 Z - a granite talisman
   (You found it on level 11 of the Dungeon)
Wands
 d - a wand of iceblast (15)
   (You found it on level 8 of the Dungeon)
 t - a wand of flame (38)
   (You found it on level 6 of the Dungeon)
 v - a wand of polymorph (16)
   (You found it on level 8 of the Dungeon)
 J - a wand of light (5)
   (You took it off Maurice on level 11 of the Dungeon)
Scrolls
 m - 6 scrolls of teleportation {@r4}
 B - 6 scrolls of fear
 E - a scroll of revelation
 N - 2 scrolls of blinking
 P - a scroll of torment {!r}
 T - 2 scrolls of fog
Potions
 j - 2 potions of heal wounds {@q2}
 q - a potion of magic
 u - 2 potions of cancellation
 z - 5 potions of curing {@q1}
 A - a potion of ambrosia
 I - a potion of mutation {!q}
 L - a potion of berserk rage
 O - a potion of might
 S - 5 potions of lignification {!q}
 W - a potion of haste {unknown}


   Skills:
 - Level 5.0 Fighting
 - Level 10.0 Dodging
 - Level 3.0 Stealth
 - Level 5.0 Shields
 - Level 16.0 Spellcasting
 - Level 9.0 Conjurations
 - Level 2.0 Summonings
 - Level 5.0 Translocations
 + Level 3.0 Fire Magic
 - Level 4.0 Earth Magic


You had 22 spell levels left.
You knew the following spells:

 Your Spells              Type           Power      Damage    Failure   Level
a - Magic Dart            Conj           100%       1d8       1%          1
b - Blink                 Tloc           100%       N/A       1%          2
c - Stone Arrow           Conj/Erth      100%       3d13      1%          3
d - Iskenderun's Mystic   Conj/Tloc      64%        2d13      1%          4
e - Call Canine Familiar  Summ           39%        N/A       3%          3
f - Flame Wave            Conj/Fire      60%        2d14      1%          4
s - Searing Ray           Conj           100%       2d8       1%          2
x - Call Imp              Summ           78%        N/A       1%          2

Your spell library contained the following spells:

 Spells                   Type           Power      Damage    Failure   Level
 Volatile Blastmotes      Fire/Tloc      100%       2d18      1%          3
 Fulminant Prism          Conj/Alch      27%        3d14      1%          4
 Animate Armour           Summ/Erth      92%        N/A       7%          4
 Sigil of Binding         Hex            26%        N/A       8%          3
 Dimensional Bullseye     Hex/Tloc       21%        N/A       9%          4
 Lehudib's Crystal Spear  Conj/Erth      31%        10d8      93%         8


Dungeon Overview and Level Annotations

Branches:
Dungeon (11/15)            Temple (1/1) D:7            Lair (1/5) D:8
    Orc (0/2) D:10        Ossuary (visited)

Altars:
Ashenzari
Cheibriados
Dithmenos
Elyvilon
Fedhas
Gozag
Hepliaklqana
Kikubaaqudgha
Makhleb
Nemelex Xobeh
Okawaru
Qazlal
Ru
Sif Muna
Trog
Uskayaw
Vehumet
Wu Jian
Xom
Yredelemnul
Zin
The Shining One
Lugonu

Portals:
Abyss: D:7

Annotations:
D:7 1 transporter, LDflipp's ghost, novice KoEn
D:9 2 transporters, exclusion: skeletal warrior, ripuliukko's ghost, novice GrEE
D:10 exclusion: orange crystal statue
D:11 Urug


Message History

You start resting.
A rime drake comes into view.
Press: ? - help, Shift-Dir - straight line, f - rime drake
Aim: a rime drake (wandering, hasn't noticed you, 72% to hit)
The stone arrow hits the rime drake!!
The rime drake hisses angrily.
Press: ? - help, Shift-Dir - straight line, f/p - rime drake
Aim: a rime drake (heavily wounded, 72% to hit)
The stone arrow hits the rime drake!!
You kill the rime drake!
Vehumet accepts your kill.
You feel your power returning.
You start resting.
You start resting.
A komodo dragon comes into view.
Press: ? - help, Shift-Dir - straight line, f - komodo dragon
Aim: a komodo dragon (wandering, hasn't noticed you, 84% to hit)
The stone arrow hits the komodo dragon!
The komodo dragon hisses angrily.
Press: ? - help, Shift-Dir - straight line, f/p - komodo dragon
Aim: a komodo dragon (moderately wounded, 84% to hit)
The stone arrow hits the komodo dragon!!
You kill the komodo dragon!
Vehumet accepts your kill.
Training target 3.0 for Fire Magic reached!
Your Spellcasting skill increases to level 16!
Your Fire Magic skill increases to level 3!
You start resting.
You see here a cane toad corpse.
Found 5 stones.
Found 12 gold pieces.
Things that are here:
a cane toad corpse; a komodo dragon corpse
Found a dagger.
Press: ? - help, Shift-Dir - straight line, f - cane toad
Aim: a cane toad (wandering, hasn't noticed you, 81% to hit)
The stone arrow hits the cane toad!!
The electric eel shoots out a bolt of lightning at you!
The bolt of electricity hits you! The cane toad stings you!!
* * * LOW HITPOINT WARNING * * *
The electric eel shoots out a bolt of lightning at you!
The bolt of electricity hits you.
* * * LOW HITPOINT WARNING * * *
The cane toad stings you!
* * * LOW HITPOINT WARNING * * *
Things that are here:
a cane toad corpse; a komodo dragon corpse The cane toad attacks as it pursues you!
The cane toad stings you!!
You die...

##..# #..###
##(#.###.##
####.......... ##
#..†..........
##.#
#†##.....#####
##...####.##....##
#.........###.#.#
###....@######.#.#
.......F†........#
#P##..............
# #^.P.P....#.#..
#.♣~~~♣####
$.P~.~~~
#...(~~.P~#
###♣~.~~~P.
.~~~S~~P.


You could see a cane toad.

Vanquished Creatures
  Gastronok (D:9)
  3 two-headed ogres
  3 death yaks
  Pikel (D:6)
  An ugly thing (D:9)
  Maurice (D:11)
  Joseph (D:10)
  2 cane toads (Lair:1)
  A rime drake (Lair:1)
  3 komodo dragons (Lair:1)
  A troll (D:10)
  A hornet (D:7)
  Sigmund (D:5)
  A spriggan (D:7)
  2 wyverns
  4 wraiths (D:11)
  3 shadows (D:10)
  12 yaks
  A steam dragon (D:10)
  4 vampire mosquitoes (D:9)
  Menkaure (D:6)
  An acid dragon (D:10)
  4 orc warriors
  A water moccasin (D:8)
  An ice beast (D:6)
  7 centaurs
  3 lemures (D:6)
  A phantom (D:5)
  A gnoll sergeant (D:9)
  3 bullfrogs
  3 scorpions
  2 kobold brigands
  6 water moccasin zombies (Ossuary)
  2 burial acolytes
  2 troll zombies (D:10)
  A bombardier beetle (D:3)
  A jelly (D:7)
  5 hounds
  A gnoll bouda (D:7)
  6 orc priests
  Jessica (D:3)
  An iguana (D:7)
  2 sleepcaps
  6 orc wizards
  4 hell rats (D:8)
  2 crocodile zombies (Ossuary)
  4 ogre zombies (D:10)
  2 mummies (Ossuary)
  6 gnolls
  14 adders
  3 river rats (D:8)
  2 white imps
  4 ufetubi
  4 adder zombies (Ossuary)
  A dart slug (D:2)
  2 ribbon worms
  33 orcs
  5 ball pythons
  9 endoplasms
  4 giant cockroaches
  13 gnoll zombies
  7 goblins
  7 hobgoblins
  4 jackals (D:2)
  17 kobolds
  5 quokkas
  5 bats
  2 frilled lizards
  2 gnoll skeletons (D:10)
  3 jackal zombies
  5 orc skeletons (D:10)
  11 orc zombies
  9 rats
298 creatures vanquished.

Notes
Turn   | Place    | Note
-------+----------+-------------------------------------------
     0 | D:1      | James the Deep Elf Conjurer began the quest for the Orb.
     0 | D:1      | Reached XP level 1. HP: 10/10 MP: 6/6
   302 | D:1      | Reached XP level 2. HP: 15/15 MP: 5/8
   343 | D:1      | Learned a level 2 spell: Searing Ray
   346 | D:1      | Learned a level 2 spell: Blink
   349 | D:1      | Learned a level 2 spell: Call Imp
   841 | D:1      | Reached skill level 1 in Summonings
  1168 | D:2      | Reached XP level 3. HP: 19/19 MP: 6/10
  1237 | D:2      | Reached skill level 4 in Spellcasting
  1399 | D:2      | Reached XP level 4. HP: 24/24 MP: 7/12
  1447 | D:2      | Reached skill level 1 in Translocations
  1746 | D:2      | Reached XP level 5. HP: 28/28 MP: 8/13
  2189 | D:2      | Reached skill level 1 in Fighting
  2490 | D:2      | Found a faded altar of an unknown god.
  2657 | D:3      | Reached skill level 5 in Spellcasting
  2657 | D:3      | Reached skill level 5 in Conjurations
  2906 | D:3      | Found a blossoming altar of Fedhas.
  2934 | D:3      | Found a hide-covered altar of Uskayaw.
  2934 | D:3      | Found a sacrificial altar of Ru.
  3153 | D:3      | Noticed Jessica
  3160 | D:3      | Killed Jessica
  3374 | D:3      | Found a shimmering altar of Xom.
  3378 | D:3      | Found a bloodstained altar of Trog.
  3380 | D:3      | Found an iron altar of Okawaru.
  3431 | D:4      | Reached XP level 6. HP: 34/34 MP: 9/16
  3517 | D:4      | Learned a level 3 spell: Stone Arrow
  3522 | D:4      | Learned a level 4 spell: Iskenderun's Mystic Blast
  3986 | D:4      | You fall into a shaft and drop 2 floors!
  4030 | D:5      | Entered Level 5 of the Dungeon
  4111 | D:5      | Noticed Sigmund
  4127 | D:5      | Killed Sigmund
  4128 | D:5      | Reached skill level 6 in Spellcasting
  4128 | D:5      | Reached skill level 1 in Earth Magic
  4128 | D:5      | Reached XP level 7. HP: 34/38 MP: 0/18
  4370 | D:5      | Found a sand-covered staircase.
  4384 | Ossuary  | Entered an ossuary
  4616 | Ossuary  | Reached skill level 5 in Dodging
  4616 | Ossuary  | Reached skill level 7 in Spellcasting
  4718 | Ossuary  | Reached XP level 8. HP: 44/44 MP: 11/20
  5241 | D:5      | Reached skill level 8 in Spellcasting
  5490 | D:5      | Found a snail-covered altar of Cheibriados.
  6323 | D:4      | Found an opulent altar of Gozag.
  6565 | D:6      | Noticed Pikel
  6803 | D:6      | Noticed Menkaure
  6809 | D:6      | Killed Menkaure
  7728 | D:6      | Found a glowing silver altar of Zin.
  7964 | D:6      | Killed Pikel
  7965 | D:6      | Reached skill level 10 in Spellcasting
  7965 | D:6      | Reached skill level 5 in Translocations
  7965 | D:6      | Reached XP level 9. HP: 48/48 MP: 12/25
  8064 | D:7      | Found a staircase to the Ecumenical Temple.
  8084 | D:7      | Found a burning altar of Makhleb.
  8087 | Temple   | Entered the Ecumenical Temple
  8101 | Temple   | Became a worshipper of Vehumet
  8234 | D:7      | Found a transporter.
  8468 | D:7      | Found a white marble altar of Elyvilon.
  8592 | D:7      | Learned a level 3 spell: Call Canine Familiar
  8608 | D:7      | Reached skill level 11 in Spellcasting
  8662 | D:7      | Noticed a red ugly thing
  8663 | D:7      | Noticed LDflipp's ghost (novice KoEn)
  8748 | D:7      | Found a one-way gate to the infinite horrors of the Abyss.
  9155 | D:7      | Found a shadowy altar of Dithmenos.
  9698 | D:8      | Reached * piety under Vehumet
  9698 | D:8      | Offered knowledge of Kiss of Death by Vehumet.
 10095 | D:8      | Noticed a death yak
 10095 | D:8      | Noticed a death yak
 10095 | D:8      | Noticed a death yak
 10304 | D:8      | Killed a death yak
 10305 | D:8      | Reached XP level 10. HP: 56/56 MP: 9/27
 10457 | D:7      | Killed a death yak
 10458 | D:7      | Reached skill level 12 in Spellcasting
 10601 | D:7      | Killed a death yak
 10602 | D:7      | Reached skill level 13 in Spellcasting
 10831 | D:8      | Found a staircase to the Lair.
 10965 | D:8      | Found a sparkling altar of Nemelex Xobeh.
 11114 | D:8      | Found a staircase to the Lair.
 11210 | D:8      | Found a sparkling altar of Nemelex Xobeh.
 11729 | D:9      | Noticed a two-headed ogre
 11976 | D:9      | Reached ** piety under Vehumet
 11976 | D:9      | Offered knowledge of Scorch by Vehumet.
 12034 | D:9      | Found an ancient bone altar of Kikubaaqudgha.
 12057 | D:9      | Noticed a cyan ugly thing
 12065 | D:9      | Killed a cyan ugly thing
 12065 | D:9      | Noticed a two-headed ogre
 12130 | D:9      | Killed a two-headed ogre
 12131 | D:9      | Reached skill level 14 in Spellcasting
 12261 | D:9      | Killed a two-headed ogre
 12437 | D:9      | Noticed a meliai
 12439 | D:9      | Noticed ripuliukko's ghost (novice GrEE)
 12447 | D:9      | Noticed Gastronok
 12448 | D:9      | Found a transporter.
 12719 | D:9      | Killed Gastronok
 12720 | D:9      | Reached XP level 11. HP: 13/61 MP: 15/31
 12991 | D:9      | Noticed a skeletal warrior
 13457 | D:9      | Found a transporter.
 13479 | D:10     | Entered Level 10 of the Dungeon
 13751 | D:10     | Found a glowing golden altar of the Shining One.
 13868 | D:10     | Noticed an orange crystal statue
 14062 | D:10     | Reached skill level 15 in Spellcasting
 14375 | D:10     | Found a broken altar of Ashenzari.
 14814 | D:10     | Found a staircase to the Orcish Mines.
 14819 | D:10     | Offered knowledge of Momentum Strike by Vehumet.
 15059 | D:10     | Reached *** piety under Vehumet
 15144 | D:10     | Noticed Joseph
 15154 | D:10     | Killed Joseph
 15155 | D:10     | Reached skill level 5 in Shields
 16162 | D:11     | Reached skill level 10 in Dodging
 16332 | D:11     | Noticed Urug
 16398 | D:11     | Noticed a two-headed ogre
 16402 | D:11     | Killed a two-headed ogre
 16641 | D:11     | Noticed Maurice
 16655 | D:11     | Killed Maurice
 16656 | D:11     | Reached skill level 5 in Fighting
 16870 | Lair:1   | Entered Level 1 of the Lair of Beasts
 16942 | Lair:1   | Offered knowledge of Flame Wave by Vehumet.
 16970 | Lair:1   | Learned a level 4 spell: Flame Wave
 17119 | Lair:1   | Reached skill level 1 in Fire Magic
 17138 | Lair:1   | Reached XP level 12. HP: 36/68 MP: 12/33
 17243 | Lair:1   | Reached skill level 16 in Spellcasting
 17290 | Lair:1   | Slain by a cane toad

Illustrated notes

Levels and vault maps discovered:
D:1:      dpeg_arrival_ratfight, layout_basic
D:2:      cheibrodos_pilgrimage, layout_loops_corners,
          shapermc_ecumenical_altar_mp_vishouse, serial_park_tiny_1
D:3:      layout_rooms, nicolae_overflow_hidden_temple, fedhas_altar_1,
          dreamdust_princess_bridge, uniq_jessica
D:4:      layout_loops_ring, nicolae_gozag_seed_capital,
          nicolae_nh_ransacked_shop
D:5:      layout_gridville, mainiacjoe_overflow_alcove_4, enter_ossuary_1,
          chequers_serial_rivers_micro_d, minmay_misc_feat_diagonals,
          uniq_sigmund
D:6:      layout_loops_ring, zin_statuary, uniq_pikel, uniq_menkaure
D:7:      layout_basic, bloody_makhleb, lemuel_coloured_pillars_altar,
          elyvilon_altar_1, minmay_temple_entry_statues_fountains,
          gammafunk_ghost_abyssal_escape, the_hattery
D:8:      layout_basic, nemelex_spade_bored_becter, dpeg_lair_monsters
D:9:      layout_small_grid, lemuel_zombie_altar_kikubaaqudgha,
          gammafunk_ghost_hive, minmay_guarded_unrand_finisher, uniq_gastronok
D:10:     layout_layer_cave, mainiacjoe_overflow_catwalk,
          mainiacjoe_overflow_tiny_flanked, zombieorc1_lemuel, minivault_16,
          uniq_joseph
D:11:     layout_basic, uniq_josephine, uniq_maurice, uniq_urug
Temple:   corrupted_temple
Lair:1:   layout_loops_ring, serial_bayou_pond_b

Skill      XL: |  1  2  3  4  5  6  7  8  9 10 11 12 |
---------------+-------------------------------------+-----
Summonings     | 1 2 |  2.0
Dodging        | 3 4 5 6 9 10 | 10.0
Spellcasting   | 4 5 6 7 10 11 14 15 16 | 16.0
Translocations | 1 2 3 5 |  5.0
Fighting       | 1 2 4 5 |  5.0
Conjurations   | 5 7 9 |  9.0
Earth Magic    | 1 3 4 |  4.0
Stealth        | 3 |  3.0
Shields        | 2 5 |  5.0
Fire Magic     | 2 3 |  3.0

Action                     |  1- 3 |  4- 6 |  7- 9 | 10-12 || total
---------------------------+-------+-------+-------+-------++-------
  Melee: Unarmed           |     2 |       |       |       ||     2
         Dagger            |     1 |     7 |    38 |    12 ||    58
         Short sword       |       |    13 |       |       ||    13
         Punch             |       |     1 |       |       ||     1
   Cast: Magic Dart        |    24 |    12 |     1 |       ||    37
         Searing Ray       |    17 |    32 |    28 |     4 ||    81
         Stone Arrow       |       |     7 |    99 |   177 ||   283
         Call Imp          |       |       |     2 |       ||     2
         Iskenderun's Myst |       |       |    11 |    24 ||    35
         Call Canine Famil |       |       |       |     3 ||     3
    Use: Scroll            |       |    12 |     6 |     4 ||    22
         Potion            |       |       |       |     3 ||     3
   Stab: Sleeping          |       |     1 |       |       ||     1
 Armour: Robe              |     4 |    22 |    58 |    53 ||   137
  Dodge: Dodged            |     2 |    19 |    91 |    47 ||   159
  Block: Buckler           |       |       |       |    11 ||    11
